 Dungeon Crawl Stone Soup version 0.29-a0-23-ga79f92ac9c (webtiles) character file.

Game seed: 9789344750599921799

287 arthad the Chopper (level 6, -1/48 HPs)
             Began as a Formicid Fighter on Jan 31, 2022.
             Killed by nerve-wracking pain
             ... invoked by an orc priest
              (12 damage)
             ... on level 4 of the Dungeon.
             The game lasted 00:06:28 (2717 turns).

arthad the Chopper (Formicid Fighter)               Turns: 2717, Time: 00:06:29

Health: -1/48      AC:  7    Str: 23    XL:     6   Next: 56%
Magic:  6/6        EV:  8    Int:  7    God:
Gold:   121        SH:  8    Dex: 10    Spells: 5/5 levels left

rFire   . . .      SeeInvis +   a - +0 war axe
rCold   . . .      Faith    .   q - +0 kite shield
rNeg    . . .      Spirit   .   b - +0 scale mail
rPois   .          Reflect  .   (helmet unavailable)
rElec   .          Harm     .   (no cloak)
rCorr   .          Rampage  .   (no gloves)
Will    .....                   (no boots)
Stlth   ..........              (no amulet)
HPRegen 0.16/turn               (no ring)
MPRegen 0.10/turn               (no ring)

@: flying
A: permanent stasis, dig shafts and tunnels, antennae 3, four strong arms
a: Dig, Shaft Self


You were on level 4 of the Dungeon.
You visited 1 branch of the dungeon, and saw 4 of its levels.

You collected 121 gold pieces.

Inventory:

Hand Weapons
 a - a +0 war axe (weapon)
Missiles
 d - 3 boomerangs
Armour
 b - a +0 scale mail (worn)
 c - a +0 buckler
 l - a +0 plate armour
 q - a +0 kite shield (worn)
Scrolls
 f - 3 scrolls of blinking {unknown}
 i - a scroll of fear {unknown}
 j - 2 scrolls of teleportation {unknown}
 k - a scroll of fog {unknown}
 m - 3 scrolls of vulnerability {unknown}
 n - a scroll of immolation {unknown}
 o - a scroll of torment {unknown}
 p - a scroll of silence {unknown}
 s - a scroll of identify {unknown}
Potions
 e - a potion of curing
 r - 2 potions of attraction {unknown}


   Skills:
 * Level 4.2 Fighting
 * Level 4.7 Axes
 * Level 4.2 Armour
 + Level 0.5 Dodging
 * Level 4.6 Shields


You had 5 spell levels left.
You didn't know any spells.
Your spell library contained the following spells:

 Spells                   Type           Power      Damage    Failure   Level
 Inner Flame              Hex/Fire       0%         N/A       100%        3
 Cause Fear               Hex            0%         N/A       100%        4
 Freezing Cloud           Conj/Ice/Air   0%         6-21      100%        5
 Simulacrum               Ice/Necr       0%         N/A       100%        6
 Discord                  Hex            0%         N/A       100%        8
 Polar Vortex             Ice            0%         N/A       100%        9


Dungeon Overview and Level Annotations

Branches:
Dungeon (4/15)
 Temple: D:4-7

Altars:
Sif Muna


Innate Abilities, Weirdness & Mutations

You cannot be hasted, slowed, berserked, paralysed or teleported.
You can dig through walls and to a lower floor.
You have a pair of large antennae on your head. (SInv)
Your four strong arms can wield two-handed weapons with a shield.


Message History

The orc priest looks satisfied for a moment.
You hit the orc priest but do no damage.
The orc priest is severely wounded.
The orc priest drinks a potion.
The orc priest is healed!
You hit the orc priest.
The orc priest is moderately wounded.
The orc priest hits you but does no damage.
The orc priest hits you with a +0 club.
* * * LOW HITPOINT WARNING * * *
It was a potion of flight.
You feel very buoyant.
You fly up into the air.
The orc priest calls down the wrath of Beogh upon you.
Pain shoots through your body!
* * * LOW HITPOINT WARNING * * *
You feel much better. The orc priest barely misses you.
You hit the orc priest but do no damage.
The orc priest is moderately wounded.
The orc priest barely misses you.
You closely miss the orc priest.
The orc priest is moderately wounded.
The orc priest hits you with a +0 club.
You closely miss the orc priest.
The orc priest is moderately wounded.
You block the orc priest's attack.
The orc priest hits you but does no damage.
You closely miss the orc priest.
The orc priest is moderately wounded.
The orc priest casts a cantrip, but nothing happens.
You hit the orc priest but do no damage.
The orc priest is moderately wounded.
The orc priest hits you with a +0 club.
You slash the orc priest!
The orc priest is almost dead.
The orc priest invokes the aid of Beogh against you.
Pain shoots through your body!
* * * LOW HITPOINT WARNING * * *
The orc priest calls down the wrath of Beogh upon you.
Pain shoots through your body!
You die...

.. .. ##.## ##
#...## #.
.....# #.
#...#
###.##...##
#..)@.†...#
......o##.†.##
##'####
#..####
####.....#
#.....####
#####.# #.#
#.# ##.####


You could see an orc priest.

Vanquished Creatures
  A sky beast (D:3)
  A centaur (D:3)
  2 adders
  An adder skeleton (D:2)
  3 dart slugs
  7 orcs
  4 bats
  6 endoplasms
  2 giant cockroaches
  2 goblins
  12 hobgoblins
  7 jackals
  4 quokkas
  4 ball pythons
  6 frilled lizards
  5 kobolds
  5 rats
72 creatures vanquished.

Vanquished Creatures (others)
  An orc wizard (D:3)
1 creature vanquished.

Grand Total: 73 creatures vanquished

Notes
Turn   | Place    | Note
-------+----------+-------------------------------------------
     0 | D:1      | arthad the Formicid Fighter began the quest for the Orb.
     0 | D:1      | Reached XP level 1. HP: 18/18 MP: 1/1
   282 | D:1      | Reached XP level 2. HP: 20/24 MP: 2/2
   875 | D:1      | Reached XP level 3. HP: 20/29 MP: 3/3
  1358 | D:2      | Reached XP level 4. HP: 29/36 MP: 4/4
  1818 | D:3      | Noticed a centaur
  1824 | D:3      | Noticed a sky beast
  1826 | D:3      | Killed a centaur
  1827 | D:3      | Reached XP level 5. HP: 20/42 MP: 5/5
  1835 | D:3      | Killed a sky beast
  1836 | D:3      | Reached XP level 6. HP: 11/48 MP: 6/6
  2198 | D:3      | Found a shimmering blue altar of Sif Muna.
  2538 | D:3      | Found a faded altar of an unknown god.
  2710 | D:4      | HP: 1/48 [orc priest/nerve-wracking pain (8)]
  2717 | D:4      | Killed from afar by an orc priest

Illustrated notes

Levels and vault maps discovered:
D:1:      saegor_arrival_miasma, layout_loops_ring
D:2:      layout_rooms
D:3:      layout_basic, led_sif_book, chequers_ecumenical_altar_simple
D:4:      minmay_inner_zag, layout_loops_corners, kennysheep_vampire_church,
          minmay_temple_entry_enclosed_plants

Skill      XL: |  1  2  3  4  5 |
---------------+----------------+-----
Shields        | 4 |  4.6
Axes           | 3 4 |  4.7
Fighting       | 4 |  4.2
Armour         | 4 |  4.2
Dodging        | |  0.5

Action                   |  1- 3 |  4- 6 || total
-------------------------+-------+-------++-------
Melee: War axe           |   102 |    95 ||   197
  Use: Potion            |       |     4 ||     4
Armor: Scale mail        |    43 |    52 ||    95
Dodge: Dodged            |    48 |    43 ||    91
Block: Buckler           |    23 |    15 ||    38
       Kite shield       |       |    22 ||    22

Table legend: (Time is in decaauts)
 A = Elapsed time spent in this place.
 B = Non-inter-level travel time spent in this place.
 C = Inter-level travel time spent in this place.
 D = Time resting spent in this place.
 E = Time spent auto-exploring this place.
 F = Levels seen in this place.
 G = Mean time per level.
                   A        B        C        D        E       F      G
               +--------+--------+--------+--------+--------+-----+--------+
         Total |   2792 |   2711 |     81 |    361 |   1837 |   4 |  698.0 |
       Dungeon |   2792 |   2711 |     81 |    361 |   1837 |   4 |  698.0 |
               +--------+--------+--------+--------+--------+-----+--------+

Top non-repeatable levels by time:
     D:1: 1319 daAuts
     D:3: 851 daAuts
     D:2: 485 daAuts
     D:4: 136 daAuts
